 Dungeon Crawl Stone Soup version 0.25-a0-591-g2ad0d861f1 (webtiles) character file.

Game seed: 18391712226997540571, levelgen mode: deterministic

661 Esekla the Ducker (level 7, -5/32 HPs)
             Began as a Spriggan Artificer on Mar 13, 2020.
             Killed by nerve-wracking pain
             ... invoked by Grinder
              (13 damage)
             ... on level 5 of the Dungeon.
             The game lasted 00:31:49 (5637 turns).

Esekla the Ducker (Spriggan Artificer)              Turns: 5637, Time: 00:31:49

Health: -5/32      AC:  2    Str:  8    XL:     7   Next: 30%
Magic:  14/14      EV: 20    Int: 19    God:
Gold:   93         SH:  2    Dex: 16    Spells: 13/14 levels left

rFire    . . .     SeeInvis +   a - +0 short sword
rCold    . . .     Gourm    .   (shield restricted)
rNeg     . . .     Faith    .   b - +0 robe
rPois    .         Spirit   .   (helmet restricted)
rElec    .         Reflect  +   (no cloak)
rCorr    .         Harm     .   (gloves unavailable)
MR       +....                  (boots unavailable)
Stlth    +++.......             s - +2 amulet of reflection
HPRegen  0.10/turn              w - ring of stealth
MPRegen  0.14/turn              i - +4 ring of intelligence

@: very quick
A: very small, unfitting armour, see invisible, herbivore, speed 3, slow
metabolism 2
a: no special abilities


You were on level 5 of the Dungeon.
You were not hungry.

You visited 2 branches of the dungeon, and saw 6 of its levels.
You also visited: Sewer.

You collected 93 gold pieces.

Inventory:

Hand Weapons
 a - a +0 short sword (weapon)
 B - a +0 long sword
Missiles
 A - 8 poisoned darts (quivered)
Armour
 b - a +0 robe (worn)
 h - a +0 leather armour
 y - a cursed +0 leather armour
 E - a +0 leather armour
 F - a +0 leather armour
Jewellery
 i - a +4 ring of intelligence (right hand)
 s - a +2 amulet of reflection (around neck)
 t - an uncursed amulet of the acrobat
 w - a ring of stealth (left hand)
Wands
 c - a wand of flame (27)
 d - a wand of enslavement (15)
 e - a wand of random effects (41)
 r - a wand of polymorph (8)
 D - a wand of scattershot (3)
Scrolls
 j - 2 scrolls of remove curse
 l - a scroll of noise {unknown}
 p - a scroll of amnesia {unknown}
 q - a scroll of fear {unknown}
 u - a scroll of magic mapping {unknown}
 v - a scroll of random uselessness {unknown}
 x - a scroll of immolation {unknown}
 C - a scroll of teleportation
Potions
 g - a potion of haste
 k - a potion of mutation {unknown}
 m - a potion of heal wounds
 n - a potion of ambrosia {unknown}
 o - a potion of curing {unknown}
 z - a potion of stabbing {unknown}
Comestibles
 f - 5 rations


   Skills:
 - Level 0.7 Fighting
 * Level 4.5 Short Blades
 + Level 1.0 Throwing
 * Level 5.2 Dodging
 + Level 2.7 Stealth
 * Level 4.3 Spellcasting
 * Level 3.5 Transmutations
 * Level 2.7 Poison Magic
 - Level 4.0 Evocations


You had 13 spell levels left.
You knew the following spells:

 Your Spells              Type           Power        Failure   Level  Hunger
a - Sting                 Tmut/Pois      ###.         3%          1    None

Your spell library contained the following spells:

 Spells                   Type           Power        Failure   Level  Hunger
 Confusing Touch          Hex            #.......     36%         3    ###....
 Gell's Gravitas          Tloc           #.........   36%         3    ###....
 Ice Form                 Ice/Tmut       ##......     54%         4    ####...
 Petrify                  Tmut/Erth      ##......     54%         4    ####...
 Yara's Violent Unravell  Hex/Tmut       ##........   87%         5    ######.
 Metabolic Englaciation   Hex/Ice        #.........   98%         5    ######.
 Eringya's Noxious Bog    Tmut/Pois      ###.......   99%         6    #######
 Hydra Form               Tmut           ###.......   99%         6    #######


Dungeon Overview and Level Annotations

Branches:
Dungeon (5/15)             Temple (1/1) D:4           Sewer (visited)

Altars:
Cheibriados
Dithmenos
Kikubaaqudgha
Nemelex Xobeh
Okawaru
Sif Muna
Trog
Vehumet
Wu Jian
Zin

Annotations:
D:5 Grinder, Pikel
Temple Edmund


Innate Abilities, Weirdness & Mutations

You are very small and have problems with some larger weapons.
You are too small for most types of armour.
You have supernaturally acute eyesight. (SInv)
You are a herbivore.
You cover ground extremely quickly.
You need to consume almost no food.


Message History

You hit the ogre.
The ogre is heavily wounded.
Your surroundings suddenly seem different.
A slave comes into view. x2
Found 14 gold pieces.
Grinder closely misses you.
Pikel says, "You'll fetch a fair price!"
Grinder gestures at you. Pain shoots through your body!
* * * LOW HITPOINT WARNING * * *
Grinder says, "Don't move a muscle."
Grinder gestures at you. You resist with significant effort.
Grinder says, "At least Makhleb appreciates what I'm doing."
The ogre shouts!
You block the ogre's attack.
You hear an angry hiss.
Grinder gestures at you. Pain shoots through your body!
You die...

#......#######
#.....)'...... +#
#......######. ..
######.#.####. #.
#.#....5.
###.#########.#.####.
?..............O....
#..###.####.#.#..#.
#@## .#..O.#..<...
#.O##.#.#####.####
##.##.#.# #.....
#5##.#.# ######
####Kp#'#'##
#...pp.....#
#..........#
###########..........#
#....................#


You could see Pikel, Grinder, an ogre and 3 slaves.

Vanquished Creatures
  2 ogres
  2 bullfrogs (Sewer)
  A scorpion (D:5)
  A howler monkey (D:4)
  An orc priest (D:4)
  2 orc wizards
  A worker ant (D:4)
  A hound skeleton (D:4)
  3 adders
  3 oozes
  An adder skeleton (D:4)
  3 worms (D:4)
  3 dart slugs
  3 leopard geckos (Sewer)
  9 orcs
  7 bats
  13 giant cockroaches
  2 goblins
  7 hobgoblins
  3 jackals (D:1)
  A quokka (D:2)
  A ball python (Sewer)
  12 frilled lizards
  4 kobolds
  5 rats
91 creatures vanquished.

Vanquished Creatures (others)
  2 adders (D:3)
2 creatures vanquished.

Grand Total: 93 creatures vanquished

Notes
Turn   | Place    | Note
-------+----------+-------------------------------------------
     0 | D:1      | Esekla the Spriggan Artificer began the quest for the Orb.
     0 | D:1      | Reached XP level 1. HP: 9/9 MP: 4/4
   111 | D:1      | Reached skill level 1 in Spellcasting
   165 | D:1      | Reached XP level 2. HP: 3/14 MP: 6/6
   782 | D:2      | Reached XP level 3. HP: 8/17 MP: 7/7
  2269 | D:3      | Found a radiant altar of Vehumet.
  2586 | D:2      | Reached skill level 4 in Dodging
  2802 | D:3      | Reached XP level 4. HP: 13/21 MP: 8/8
  3225 | D:4      | Noticed Edmund
  3266 | D:4      | Noticed an ogre
  3373 | D:4      | Found a staircase to the Ecumenical Temple.
  3391 | Temple   | Entered the Ecumenical Temple
  3508 | D:4      | Identified the Grimoire of Changing
  3525 | D:4      | Learned a level 1 spell: Sting
  3595 | D:4      | Found a glowing drain.
  3624 | Sewer    | Entered a sewer
  3809 | Sewer    | Reached skill level 1 in Transmutations
  3921 | Sewer    | Reached XP level 5. HP: 25/25 MP: 4/9
  4025 | Sewer    | Reached skill level 1 in Poison Magic
  4043 | Sewer    | Reached XP level 6. HP: 29/29 MP: 9/11
  4333 | D:5      | Entered Level 5 of the Dungeon
  4404 | D:5      | Noticed Grinder
  4741 | D:4      | Reached skill level 5 in Dodging
  4899 | D:5      | Reached skill level 1 in Throwing
  4921 | D:4      | Reached XP level 7. HP: 25/32 MP: 9/14
  5602 | D:5      | Noticed Pikel
  5637 | D:5      | Killed from afar by Grinder

Levels and vault maps discovered:
D:1:      dpeg_arrival_water_temple_mockup, layout_basic,
          roderic_serpentine_path
D:2:      layout_rooms
D:3:      layout_basic, fiery_altar_vehumet, first_ration
D:4:      layout_rooms, minmay_temple_entry_offerings,
          cheibrodos_sewer_entry_bend, uniq_edmund
D:5:      layout_basic, lemuel_crystal_altar, kennysheep_little_box, tgw_xom,
          uniq_grinder, uniq_pikel
Temple:   compressed_dpeg_triangle_lava_temple

Skill      XL: |  1  2  3  4  5  6 |
---------------+-------------------+-----
Spellcasting   | 1 2 3 4 |  4.3
Short Blades   | 2 3 4 |  4.5
Dodging        | 4 5 |  5.2
Stealth        | 2 |  2.7
Transmutations | 1 2 3 |  3.5
Poison Magic   | 1 2 |  2.7
Throwing       | 1 |  1.0
Fighting       | |  0.7
Evocations     | |  4.0

Action                   |  1- 3 |  4- 6 |  7- 9 || total
-------------------------+-------+-------+-------++-------
Melee: Short sword       |   193 |   135 |    54 ||   382
Throw: Dart              |       |    24 |       ||    24
 Cast: Sting             |       |    40 |    17 ||    57
  Use: Scroll            |       |     5 |     1 ||     6
       Potion            |       |     3 |       ||     3
 Stab: Sleeping          |     7 |     1 |       ||     8
  Eat: Ration            |       |     1 |     1 ||     2
Armor: Robe              |    24 |    10 |       ||    34
       Skin              |       |    14 |       ||    14
Dodge: Dodged            |   149 |   116 |    40 ||   305
Block: Other             |       |     2 |     3 ||     5

Table legend:
 A = Non-vault XP
 B = Vault XP
 C = Vault XP percentage of total XP
 D = Non-vault monster count
 E = Vault monster count
 F = Vault count percentage of total count
                 A         B        C        D         E       F
            +---------+---------+-------+---------+---------+-------
      Total |     701 |     244 |  25.8 |      69 |      22 |  24.2
            +---------+---------+-------+---------+---------+-------
        D:1 |      51 |       0 |   0.0 |      24 |       0 |   0.0
        D:2 |      36 |       0 |   0.0 |      12 |       0 |   0.0
        D:3 |      87 |       0 |   0.0 |      17 |       0 |   0.0
        D:4 |     328 |      10 |   3.0 |      11 |       2 |  15.4
        D:5 |     199 |       0 |   0.0 |       5 |       0 |   0.0
      Sewer |       0 |     234 | 100.0 |       0 |      20 | 100.0
            +---------+---------+-------+---------+---------+-------
